 Dungeon Crawl Stone Soup version 0.24.0-123-gd5b16e6ec5 (webtiles) character file.

Game seed: 17130814641292002159, levelgen mode: deterministic

21389 Johnny the Geomancer (level 12, -5/81 HPs)
             Began as a Demigod Earth Elementalist on Feb 3, 2020.
             Hit by a large rock thrown by a cyclops (39 damage)
             ... on level 12 of the Dungeon.
             The game lasted 00:20:46 (14758 turns).

Johnny the Geomancer (Demigod Earth Elementalist)  Turns: 14758, Time: 00:20:47

Health: -5/81      AC:  9    Str: 11    XL:     12   Next: 23%
Magic:  30/33      EV: 12    Int: 37    God:
Gold:   221        SH:  0    Dex: 16    Spells: 23/36 levels left

rFire    + . .     SeeInvis +   e - +4 whip (venom)
rCold    . . .     Gourm    +   (no shield)
rNeg     . . .     Faith    .   P - +2 robe "Jimnocim" {rF+ MR+ Int+2 SInv}
rPois    .         Spirit   .   t - +2 hat
rElec    .         Reflect  .   c - +1 cloak
rCorr    .         Harm     .   q - +0 pair of gloves
MR       +++..                  (no boots)
Stlth    ++........             l - amulet "Guxeheso" {Gourm +Inv Int+5}
HPRegen  0.23/turn              G - +3 ring of intelligence
MPRegen  0.23/turn              F - ring of protection from magic

@: no status effects
A: high mp 1
a: Evoke Invisibility


You were on level 12 of the Dungeon.
You were not hungry.

You visited 1 branch of the dungeon, and saw 12 of its levels.
You also visited: Sewer and Gauntlet.

You collected 850 gold pieces.
You spent 629 gold pieces at shops.

Inventory:

Hand Weapons
 e - a +4 whip of venom (weapon)
Missiles
 b - 19 stones (quivered)
Armour
 c - a +1 cloak (worn)
 q - a +0 pair of gloves (worn)
 t - a +2 hat (worn)
 P - the +2 robe "Jimnocim" (worn) {rF+ MR+ Int+2 SInv}
   (You found it in a Gauntlet)

   It affects your intelligence (+2).
   It protects you from fire.
   It affects your resistance to hostile enchantments.
   It lets you see invisible.
Jewellery
 h - an uncursed amulet of the acrobat
 l - the amulet "Guxeheso" (around neck) {Gourm +Inv Int+5}
   (You found it in a Gauntlet)

   [amulet of the gourmand]

   It allows you to eat raw meat even when not hungry.
   It affects your intelligence (+5).
   It lets you turn invisible.
 o - an uncursed ring of protection from cold
 E - the ring "Digac" {rElec rF++ EV+4}
   (You took it off a minotaur in a Gauntlet)

   [ring of evasion]

   It affects your evasion (+4).
   It greatly protects you from fire.
   It insulates you from electricity.
 F - a ring of protection from magic (right hand)
 G - a +3 ring of intelligence (left hand)
Wands
 m - a wand of acid (10)
 w - a wand of random effects (17)
 y - a wand of flame (13)
 H - a wand of polymorph (16)
Scrolls
 j - 5 scrolls of magic mapping
 v - 5 scrolls of teleportation
 x - 3 scrolls of remove curse
 z - 2 scrolls of fog
 A - 8 scrolls of immolation
 D - 2 scrolls of amnesia
 I - a scroll of vulnerability
 L - a scroll of fear {unknown}
 M - a scroll of summoning {unknown}
 O - a scroll of identify
Potions
 a - a potion of berserk rage {unknown}
 f - a potion of flight
 g - a potion of ambrosia
 i - 2 potions of might
 k - 2 potions of cancellation
 n - a potion of resistance
 p - a potion of mutation {unknown}
 r - 7 potions of curing
 s - a potion of brilliance
 u - a potion of heal wounds
 C - 2 potions of haste
 K - a potion of lignification {unknown}
Miscellaneous
 Q - a box of beasts
 R - a lamp of fire
Comestibles
 d - 10 rations


   Skills:
 - Level 1.7 Dodging
 - Level 1.7 Stealth
 + Level 12.5 Spellcasting
 - Level 0.8 Transmutations
 + Level 13.5 Earth Magic


You had 23 spell levels left.
You knew the following spells:

 Your Spells              Type           Power        Failure   Level  Hunger
a - Sandblast             Erth           ######       0%          1    None
b - Stone Arrow           Conj/Erth      ######       1%          3    None
c - Lee's Rapid Deconstr  Erth           #######...   1%          5    None
d - Petrify               Tmut/Erth      ######..     1%          4    None

Your spell library contained the following spells:

 Spells                   Type           Power        Failure   Level  Hunger
 Passwall                 Tmut/Erth      ######..     1%          2    None
 Ensorcelled Hibernation  Hex/Ice        ###...       2%          2    None
 Aura of Abjuration       Summ           ###.......   43%         5    None
 Metabolic Englaciation   Hex/Ice        ###.......   43%         5    None
 Spellforged Servitor     Conj/Summ      ###.......   100%        7    #####..


Dungeon Overview and Level Annotations

Branches:
Dungeon (12/15)            Temple (0/1) D:7            Lair (0/6) D:10
    Orc (0/2) D:12          Sewer (visited)         Gauntlet (visited)

Shops:
D:6 :   D:7 !}*!   D:9 ?!


Innate Abilities, Weirdness & Mutations

You have an increased reservoir of magic. (+10% MP)


Message History

A cyclops is nearby!
The cyclops throws a large rock.
The large rock hits you!!!
You see here a large rock.
Casting: Sandblast (safe; 0% risk of failure)
Confirm with . or Enter, or press ? or * to list all spells.
Aiming: Stone Arrow (safe; 1% risk of failure)
Press: ? - help, Shift-Dir - straight line, f - cyclops
Aim: a cyclops The stone arrow hits the cyclops!
The cyclops is moderately wounded.
Unknown command.
Okay, then.
Evoke which item? (* to show all) (? for menu, Esc to quit)
Aiming: Cloud Cone
Press: ? - help, Dir - move target cursor, f/p - cyclops
Aim: a cyclops (moderately wounded)
You create a blast of noxious fumes!
The now-empty wand crumbles to dust.
The cyclops is engulfed in noxious fumes.
The cyclops throws a large rock.
The large rock hits you!!!
You die...

#### #... #######... ##.....##..
#.......#..
####*#########......#..
##....#.(#...##......#..
#.....§@#............#..
#...§§§§#............'..
#..§§C§.#.>..........#..
#..§§§§.#....##.....##..
*******##.####+##...##.....##..
*,,,,,,*#+**,,,*#...##.....#...
*,,,,,,,,,*><,,,#..........#...
**,,_,,,,,,*,,,,,#..........#...
*,,,,,,,,,,*,,,,,#..........#...


You could see a cyclops.

Vanquished Creatures
  Gastronok (D:8)
  A minotaur (Gauntlet)
  A centaur warrior (D:8)
  Erica (D:8)
  A sixfirhy (Gauntlet)
  A deep troll (shapeshifter) (Gauntlet)
  An unseen horror (D:11)
  Pikel (D:8)
  The ghost of spacerossing the Cleaver, a novice VSFi of Makhleb (D:8)
  A wolf spider (shapeshifter) (Gauntlet)
  A cyclops (D:11)
  A manticore (D:11)
  2 gargoyles
  A demonic crawler (D:11)
  A komodo dragon (D:11)
  A queen bee (D:8)
  A troll (D:9)
  A snapping turtle (shapeshifter) (Gauntlet)
  3 hippogriffs
  3 slime creatures (D:12)
  4 flying skulls (Gauntlet)
  A shadow (D:12)
  9 yaks
  Eustachio (D:4)
  2 hungry ghosts
  3 wargs (D:10)
  Menkaure (D:5)
  3 swamp worms (D:11)
  A water moccasin (D:7)
  2 black bears
  4 sky beasts
  4 phantoms
  4 ice beasts
  2 orc warriors
  2 slaves (D:8)
  An eye of draining (D:11)
  6 ogres
  A centaur (D:6)
  A crocodile (Sewer)
  2 big kobolds
  5 bullfrogs
  Blork the orc (D:6)
  5 scorpions
  25 killer bees
  15 wights
  An electric eel (D:9)
  3 crimson imps
  A bullfrog zombie (D:10)
  3 centaur zombies
  3 quasits
  3 centaur skeletons
  7 hounds
  13 orc wizards
  A jelly (D:6)
  5 bullfrog skeletons
  9 orc priests
  4 iguanas
  Ijyb (D:5)
  7 worker ants
  A hound skeleton (D:5)
  4 gnolls (D:8)
  11 adders
  2 shadow imps
  4 ufetubi (Gauntlet)
  4 adder skeletons
  5 worms
  3 dart slugs (D:1)
  11 leopard geckos
  40 orcs
  6 giant cockroaches
  11 goblins
  9 hobgoblins
  20 jackals
  22 kobolds
  6 quokkas
  3 ball pythons
  A ball python zombie (D:5)
  10 bats
  6 frilled lizards
  A leopard gecko skeleton (D:5)
  A leopard gecko zombie (D:7)
  A quokka zombie (D:6)
  12 rats
385 creatures vanquished.

Vanquished Creatures (others)
  A wizard (D:6)
  A hungry ghost (D:12)
  2 slaves (D:8)
  An orc priest (D:8)
  2 fungi (Gauntlet)
  2 plants (D:11)
9 creatures vanquished.

Grand Total: 394 creatures vanquished

Notes
Turn   | Place    | Note
-------+----------+-------------------------------------------
     0 | D:1      | Johnny the Demigod Earth Elementalist began the quest for
                  | the Orb.
     0 | D:1      | Reached XP level 1. HP: 14/14 MP: 5/5
    63 | D:1      | Reached skill level 3 in Earth Magic
   128 | D:1      | Reached XP level 2. HP: 13/20 MP: 5/7
   716 | D:1      | Reached XP level 3. HP: 17/26 MP: 9/9
  1367 | D:2      | Reached XP level 4. HP: 16/33 MP: 3/11
  1615 | D:2      | Reached skill level 4 in Earth Magic
  2194 | D:3      | Reached XP level 5. HP: 30/38 MP: 13/13
  2334 | D:3      | Found an ancient bone altar of Kikubaaqudgha.
  3129 | D:4      | Noticed Eustachio
  3144 | D:4      | Killed Eustachio
  3144 | D:4      | Reached skill level 5 in Earth Magic
  3144 | D:4      | Reached XP level 6. HP: 7/45 MP: 1/15
  3993 | D:4      | Reached XP level 7. HP: 50/50 MP: 17/17
  4076 | D:4      | Reached skill level 5 in Spellcasting
  4206 | D:5      | Entered Level 5 of the Dungeon
  4367 | D:5      | Found a glowing drain.
  4371 | Sewer    | Entered a sewer
  4433 | Sewer    | Reached skill level 6 in Earth Magic
  4853 | D:5      | Noticed a hungry ghost
  4860 | D:5      | Killed a hungry ghost
  4894 | D:5      | Noticed Menkaure
  4898 | D:5      | Killed Menkaure
  4916 | D:5      | Learned a level 3 spell: Stone Arrow
  4922 | D:5      | Learned a level 5 spell: Lee's Rapid Deconstruction
  4927 | D:5      | Learned a level 4 spell: Petrify
  5007 | D:5      | Noticed Ijyb
  5016 | D:5      | Killed Ijyb
  5577 | D:6      | Reached skill level 7 in Earth Magic
  5577 | D:6      | Reached XP level 8. HP: 34/57 MP: 8/20
  5591 | D:6      | Noticed Blork the orc
  5705 | D:6      | Killed Blork the orc
  6268 | D:6      | Reached skill level 8 in Earth Magic
  6361 | D:6      | Found a bloodstained altar of Trog.
  6363 | D:6      | Noticed a wizard
  6369 | D:6      | Killed a wizard
  6425 | D:6      | Found Rycugu's Book Emporium.
  6911 | D:7      | Found Zosalup's General Store.
  6924 | D:7      | Bought a scroll of identify for 28 gold pieces
  6924 | D:7      | Bought a scroll of teleportation for 42 gold pieces
  6924 | D:7      | Bought a scroll of immolation for 49 gold pieces
  6925 | D:7      | Bought 16 stones for 22 gold pieces
  6925 | D:7      | Bought 11 stones for 15 gold pieces
  6932 | D:7      | Noticed a hippogriff
  6938 | D:7      | Killed a hippogriff
  6945 | D:7      | Found Asmisydone's Distillery.
  6952 | D:7      | Bought a potion of invisibility for 104 gold pieces
  6952 | D:7      | Bought a potion of brilliance for 52 gold pieces
  6952 | D:7      | Bought a potion of heal wounds for 65 gold pieces
  6952 | D:7      | Bought a potion of might for 52 gold pieces
  7084 | D:7      | Reached XP level 9. HP: 43/62 MP: 19/24
  7598 | D:7      | Found a staircase to the Ecumenical Temple.
  7899 | D:7      | Found Laaw's Gadget Shoppe.
  8104 | D:7      | Found Onnuocve's Distillery.
  8341 | D:7      | Reached skill level 9 in Earth Magic
  8618 | D:8      | Noticed Pikel
  8631 | D:8      | Killed Pikel
  8838 | D:8      | Reached skill level 10 in Earth Magic
  8971 | D:8      | Reached XP level 10. HP: 39/69 MP: 24/27
  9107 | D:8      | Noticed Gastronok
  9123 | D:8      | Killed Gastronok
  9172 | D:8      | Reached skill level 10 in Spellcasting
  9204 | D:8      | Reached skill level 11 in Earth Magic
  9469 | D:8      | Noticed Erica
  9475 | D:8      | Killed Erica
  9535 | D:8      | Found a runed translucent gate.
  9536 | D:8      | Found a runed translucent gate.
  9536 | D:8      | Found an opulent altar of Gozag.
  9537 | D:8      | Found a runed translucent gate.
  9542 | D:8      | Noticed a centaur warrior
  9543 | D:8      | Noticed spacerossing's ghost (novice VSFi)
  9587 | D:8      | Killed a centaur warrior
  9589 | D:8      | Killed spacerossing's ghost
  9913 | D:7      | Bought a potion of heal wounds for 65 gold pieces
  9913 | D:7      | Bought a potion of heal wounds for 65 gold pieces
 10125 | D:9      | Reached XP level 11. HP: 27/74 MP: 8/30
 10526 | D:9      | Found Ocunk's Distillery.
 10544 | D:9      | Bought a potion of curing for 42 gold pieces
 10710 | D:9      | Found Lippeah's Magic Scroll Shop.
 10718 | D:9      | Bought a scroll of identify for 28 gold pieces
 10846 | D:10     | Entered Level 10 of the Dungeon
 11159 | D:10     | Found a staircase to the Lair.
 11403 | D:10     | Identified Yhoano's Handbook of the Supportive Snowflakes
 11439 | D:10     | Reached skill level 12 in Earth Magic
 12734 | D:11     | Killed an unseen horror
 13201 | D:11     | Got a twisted robe
 13212 | D:11     | Identified the cursed +1 robe of Happy Babbling {SInv} (You
                  | found it on level 11 of the Dungeon)
 13699 | D:12     | Reached skill level 13 in Earth Magic
 13708 | D:12     | Found a gate leading to a gauntlet.
 13717 | Gauntlet | Entered a Gauntlet
 13717 | Gauntlet | Found a transporter.
 13717 | Gauntlet | Found a runed translucent door.
 13727 | Gauntlet | Found a runed translucent door.
 13731 | Gauntlet | Found a transporter.
 13733 | Gauntlet | Found a transporter.
 13744 | Gauntlet | Found a transporter.
 13746 | Gauntlet | Noticed a wizard
 13746 | Gauntlet | Noticed a wizard
 13750 | Gauntlet | Found a transporter.
 13753 | Gauntlet | Found a transporter.
 13766 | Gauntlet | Noticed a hell beast
 13769 | Gauntlet | Found a transporter.
 13777 | Gauntlet | Found a runed translucent door.
 13780 | Gauntlet | Found a transporter.
 13787 | Gauntlet | Found a transporter.
 13787 | Gauntlet | Noticed a death scarab
 13790 | Gauntlet | Found a transporter.
 13826 | Gauntlet | Noticed a death scarab
 13833 | Gauntlet | Found a transporter.
 13842 | Gauntlet | Noticed a death drake
 13842 | Gauntlet | a jumping spider changed into a death drake
 13844 | Gauntlet | a death drake changed into a faun
 13847 | Gauntlet | Found a transporter.
 13851 | Gauntlet | Noticed a sixfirhy
 13856 | Gauntlet | Noticed a death drake
 13856 | Gauntlet | a dream sheep changed into a death drake
 13857 | Gauntlet | Found a runed translucent gate.
 13858 | Gauntlet | Found a runed translucent gate.
 13858 | Gauntlet | Found a transporter.
 13858 | Gauntlet | Found a transporter.
 13862 | Gauntlet | Found a runed translucent gate.
 13883 | Gauntlet | Noticed an unseen horror
 13886 | Gauntlet | Noticed an unseen horror
 13887 | Gauntlet | an unseen horror changed into a yaktaur
 13921 | Gauntlet | an unseen horror changed into a raiju
 14052 | Gauntlet | Killed a sixfirhy
 14052 | Gauntlet | Reached XP level 12. HP: 63/81 MP: 21/32
 14146 | Gauntlet | Noticed an entropy weaver
 14148 | Gauntlet | Noticed a ghost moth
 14148 | Gauntlet | an entropy weaver changed into a ghost moth
 14158 | Gauntlet | Noticed a spark wasp
 14159 | Gauntlet | HP: 1/81 [spark wasp (glowing shapeshifter) (12)]
 14160 | Gauntlet | Noticed a great orb of eyes
 14160 | Gauntlet | a spark wasp changed into a great orb of eyes
 14163 | Gauntlet | Noticed an ice dragon
 14163 | Gauntlet | a great orb of eyes changed into an ice dragon
 14170 | Gauntlet | an ice dragon changed into a wolf spider
 14229 | Gauntlet | Got a sparkling copper amulet
 14356 | Gauntlet | Identified the amulet "Guxeheso" {Gourm +Inv Int+5} (You
                  | found it in a Gauntlet)
 14372 | Gauntlet | Identified the ring "Digac" {rElec rF++ EV+4}
 14372 | Gauntlet | Noticed a minotaur
 14375 | Gauntlet | Killed a minotaur
 14385 | Gauntlet | Got a steaming robe
 14397 | Gauntlet | Identified the +2 robe "Jimnocim" {rF+ MR+ Int+2 SInv} (You
                  | found it in a Gauntlet)
 14758 | D:12     | Hit by a large rock thrown by a cyclops

Levels and vault maps discovered:
D:1:      lemuel_arrival_river_bridge, layout_basic, corner_web_ring
D:2:      layout_rooms
D:3:      layout_loops_ring, kiku_gazebo_garden_becter, first_ration
D:4:      layout_gridville, uniq_eustachio
D:5:      layout_basic, gup_sewer_entry_bowl, kennysheep_generic_room_9,
          uniq_menkaure, uniq_ijyb
D:6:      layout_basic, serial_shops, shop_statue, trog_wizard,
          uniq_blork_the_orc
D:7:      layout_layer_cave, minmay_temple_entry_junction, serial_shops, shop,
          kennysheep_mini_moat, shop, nicolae_shop_waterfront
D:8:      layout_cave_pools, ebering_ghost_gozag, david_nohive_1,
          corexii_checkpoint_b, uniq_gastronok, uniq_pikel, uniq_erica
D:9:      layout_basic, serial_shops, shop, kennysheep_diamond, minivault_11
D:10:     layout_small_grid, erik_lair_orcish_takeover, serial_glass,
          glass_columns_b, glass_columns_a
D:11:     layout_loops_ring, glass_columns_a, worms_lemuel
D:12:     layout_gridville, basic_altar, gauntlet_entry_generic

Skill      XL: |  1  2  3  4  5  6  7  8  9 10 11 |
---------------+----------------------------------+-----
Spellcasting   | 2 3 4 6 7 9 10 12 | 12.5
Earth Magic    | 3 4 5 7 8 10 11 13 | 13.5
Dodging        | |  1.7
Stealth        | |  1.7
Transmutations | |  0.8

Action                   |  1- 3 |  4- 6 |  7- 9 | 10-12 || total
-------------------------+-------+-------+-------+-------++-------
Melee: Whip              |    81 |    74 |   227 |   189 ||   571
       Unarmed           |     2 |       |       |       ||     2
Throw: Stone             |       |       |       |     1 ||     1
 Cast: Sandblast         |    22 |    89 |   101 |    91 ||   303
       Stone Arrow       |       |       |    23 |    73 ||    96
       Lee's Rapid Decon |       |       |     6 |    57 ||    63
       Petrify           |       |       |       |     2 ||     2
Evoke: Wand              |       |       |    11 |    18 ||    29
  Use: Scroll            |       |    12 |     2 |     9 ||    23
       Potion            |       |       |     1 |    10 ||    11
 Stab: Sleeping          |     6 |     2 |     4 |     3 ||    15
       Paralysed         |       |       |    11 |       ||    11
       Invisible         |       |       |       |     1 ||     1
  Eat: Chunk             |     1 |     8 |     8 |    14 ||    31
       Ration            |       |       |     3 |     3 ||     6
Armor: Robe              |    12 |     3 |    94 |    84 ||   193
Dodge: Dodged            |    56 |    79 |   296 |   232 ||   663
